AoeStats
← Reinhardlunsen

African Clearing

505528726Analyzed
4v4 RM · 22d ago on Sep 9, 2026· 47m 20s· 8 players
Game mode
Random Map
Map size
Large (8 player)
Population
200
Speed
Normal
Resources
Standard
Victory
Conquest
Starting age
Dark Age
Ending age
Imperial Age
RankedLock teamsTeams togetherTeam positionsShared explorationLock speedFull tech treeHidden civsTurbo modeCheats
Victory
Defeat
🇩🇪 Burmese · Germany
1616
+16
🇨🇳 Japanese · China
1548
+19
🇩🇪 Aztecs · Germany
1505
+21
🇩🇪 Vikings · Germany
1476
+22
🇹🇷 Mapuche · Türkiye
1698
-23
🇺🇸 Berbers · United States
1609
-19
🇩🇪 Italians · Germany
1573
-18
🇩🇪 Burgundians · Germany
1569
-18
Reinhardlunsen
5:34 Loom
14:52 Feudal Age
19:25 Castle Age
17:29 Stone Mining
17:52 Double-Bit Axe
18:11 Horse Collar
19:18 Bow Saw
19:30 Gold Mining
21:53 Town Watch
25:06 Wheelbarrow
24:39 Scale Barding Armor
34:16 Imperial Age
33:56 Chain Barding Armor
36:11 Chemistry
37:10 Padded Archer Armor
37:01 Fletching
38:06 Conscription
38:09 Masonry
38:42 Leather Archer Armor
39:22 Hand Cart
39:55 Bodkin Arrow
40:22 Ballistics
40:11 Elite Skirmisher
40:53 Bracer
41:04 Husbandry
40:28 Cavalier
40:30 Light Cavalry
41:07 Cavalier
42:23 Plate Barding Armor
41:59 Forging
44:50 Iron Casting
45:16 Hussar
Lastmantillidie
11:18 Loom
13:19 Feudal Age
22:31 Castle Age
26:09 Castle Age
25:47 Double-Bit Axe
30:26 Bow Saw
35:56 Stone Mining
37:27 Horse Collar
38:47 Town Watch
39:45 Wheelbarrow
41:22 Heavy Plow
44:24 Fletching
44:46 Town Patrol
48:16 Imperial Age
46:32 Kasbah
46:28 Gold Mining
49:47 Imperial Age
47:19 Bodkin Arrow
48:00 Bloodlines
47:52 Husbandry
LonzoWall
5:30 Loom
12:10 Feudal Age
12:50 Double-Bit Axe
12:46 Horse Collar
19:29 Castle Age
19:01 Fletching
20:16 Bodkin Arrow
20:24 Gold Mining
27:48 Bow Saw
28:49 Padded Archer Armor
30:34 Ballistics
35:34 Wheelbarrow
40:59 Imperial Age
39:53 Malon
40:16 Leather Archer Armor
42:21 Ring Archer Armor
41:50 Elite Bolas Rider
44:32 Chemistry
44:58 Coinage
47:38 Hand Cart
OMurchu
9:10 Loom
13:12 Feudal Age
14:43 Double-Bit Axe
17:09 Castle Age
20:32 Fletching
23:06 Bodkin Arrow
24:13 Horse Collar
27:27 Town Watch
31:51 Padded Archer Armor
31:29 Crossbowman
36:35 Wheelbarrow
36:47 Stone Mining
38:10 Hand Cart
40:25 Heavy Plow
43:37 Imperial Age
42:30 Leather Archer Armor
42:27 Squires
42:29 Scale Mail Armor
Sammy
4:52 Loom
14:08 Feudal Age
18:54 Castle Age
35:37 Imperial Age
34:28 Fletching
34:39 Padded Archer Armor
35:14 Bodkin Arrow
34:51 Crossbowman
37:08 Conscription
37:10 Arbalester
38:18 Ballistics
39:26 Leather Archer Armor
40:24 Bracer
40:13 Capped Ram
41:40 Elite Skirmisher
Espresso
12:51 Feudal Age
13:36 Double-Bit Axe
16:24 Castle Age
14:20 Gold Mining
15:42 Town Watch
17:18 Loom
18:07 Scale Mail Armor
19:01 Forging
19:47 Eagle Warrior
28:07 Chain Mail Armor
28:11 Squires
28:46 Fletching
30:25 Forging
30:29 Bow Saw
30:02 Horse Collar
38:31 Imperial Age
37:45 Wheelbarrow
38:32 Iron Casting
39:09 Ballistics
38:54 Elite Eagle Warrior
40:02 Conscription
40:35 Plate Mail Armor
40:07 Stone Mining
41:04 Garland Wars
41:01 Arson
41:50 Hand Cart
42:42 Blast Furnace
42:12 Capped Ram
43:53 Coinage
43:13 Siege Ram
44:26 Bodkin Arrow
44:32 Padded Archer Armor
44:27 Murder Holes
45:36 Chemistry
44:28 Pikeman
45:49 Bracer
45:30 Treadmill Crane
45:56 Siege Engineers
46:02 Heavy Plow
46:39 Gold Shaft Mining
46:40 Stone Shaft Mining
45:38 Man-at-Arms
46:03 Gambesons
47:27 Leather Archer Armor
DoubleZX
7:32 Loom
10:45 Feudal Age
11:13 Town Watch
10:54 Man-at-Arms
14:11 Wheelbarrow
25:50 Castle Age
26:42 Fletching
26:50 Stone Mining
27:25 Horse Collar
31:11 Heavy Plow
32:00 Gold Mining
38:27 Imperial Age
36:24 Guard Tower
37:02 Bloodlines
37:38 Ballistics
37:15 Bodkin Arrow
37:22 Padded Archer Armor
38:54 Masonry
39:22 Bracer
41:17 Hand Cart
41:43 Conscription
40:45 Elite Skirmisher
43:31 Keep
43:25 Husbandry
43:57 Scale Barding Armor
46:32 Chemistry
45:29 Light Cavalry
46:31 Chain Barding Armor
46:22 Forging
46:14 Hussar
Bz_青红
12:03 Feudal Age
12:47 Double-Bit Axe
12:58 Loom
12:59 Town Watch
13:36 Horse Collar
21:34 Castle Age
19:37 Gold Mining
19:38 Stone Mining
22:42 Bow Saw
22:34 Heavy Plow
24:14 Scale Mail Armor
26:04 Chain Mail Armor
27:48 Squires
28:03 Forging
29:55 Iron Casting
29:12 Arson
35:27 Wheelbarrow
41:01 Imperial Age
38:38 Fletching
40:35 Bloodlines
40:21 Bodkin Arrow
40:20 Guard Tower
41:33 Padded Archer Armor
42:11 Conscription
41:54 Bracer
42:00 Elite Samurai
43:12 Plate Mail Armor
43:46 Blast Furnace
43:44 Parthian Tactics
43:27 Elite Skirmisher
44:14 Thumb Ring
44:39 Bracer
46:08 Chemistry
45:29 Ballistics
46:26 Kataparuto
46:09 Yasama
47:01 Heavy Cavalry Archer
Connection lost

Rejoining the realm…

Still unreachable

The connection could not be restored.

Session expired

The server has moved on; the page needs a fresh start.